 Dungeon Crawl Stone Soup version 0.20.0-15-g7f486f2 (webtiles) character file.

16181 4thArraOfDagon the Cleaver (level 12, -1/106 HPs)
             Began as a Minotaur Conjurer on June 9, 2017.
             Was an Elder of Qazlal.
             Killed by divine providence
             ... invoked by a meliai
              (13 damage)
             ... on level 13 of the Dungeon.
             The game lasted 00:38:54 (7211 turns).

4thArraOfDagon the Cleaver (Minotaur Conjurer)      Turns: 7211, Time: 00:38:55

Health: -1/106     AC: 10    Str: 14    XL:     12   Next: 7%
Magic:  13/15      EV: 16    Int: 16    God:    Qazlal [****..]
Gold:   422        SH:  5    Dex: 11    Spells: 12/13 levels left

rFire    . . .     SeeInvis +   p - +2 hand axe (venom)
rCold    . . .     Gourm    .   (no shield)
rNeg     . . .     Faith    .   Q - +3 troll leather armour
rPois    .         Spirit   .   (helmet restricted)
rElec    .         Reflect  .   (no cloak)
rCorr    +         Harm     .   (no gloves)
MR       +....                  E - +0 pair of boots
Stlth    +.........             (no amulet)
Regen    0.7/turn               h - ring of protection from magic
MPRegen  0.2/turn               l - ring of resist corrosion

@: lethally poisoned (-1 -> -3), repel missiles
A: retaliatory headbutt, hooves 1, horns 2, see invisible, evolution 1, no
potion heal 1, MP-powered wands, sturdy frame 1
a: Upheaval, Elemental Force, Renounce Religion


You were on level 13 of the Dungeon.
You worshipped Qazlal.
Qazlal was greatly pleased with you.
You were not hungry.

You visited 2 branches of the dungeon, and saw 14 of its levels.

You collected 518 gold pieces.
You spent 96 gold pieces at shops.

Inventory:

Hand Weapons
 f - a +2 hand axe of chopping
 n - a +0 battleaxe
 p - a +2 hand axe of venom (weapon)
Armour
 a - a +0 robe
 e - a +0 ring mail
 i - a +0 ring mail
 o - a +1 chain mail
 E - a +0 pair of boots (worn)
 N - a +0 plate armour
 Q - a +3 troll leather armour (worn)
Magical Staves
 k - an uncursed staff of wizardry {unknown}
Jewellery
 h - a ring of protection from magic (left hand)
 l - a ring of resist corrosion (right hand)
 P - an uncursed ring of protection from magic
Wands
 u - a wand of enslavement (9/24)
 y - a wand of paralysis (0/24)
 C - a wand of digging (9/24)
 J - a wand of lightning (0/15)
 L - a wand of random effects (23/48)
 T - a wand of digging (15/24)
Scrolls
 d - a scroll of amnesia
 g - 4 scrolls of recharging
 j - a scroll of fog
 m - 2 scrolls of blinking
 q - a scroll of remove curse
 r - 3 scrolls of noise
 s - a scroll of random uselessness {unknown}
 w - 5 scrolls of enchant weapon
 B - 6 scrolls of magic mapping
 M - a scroll of summoning {unknown}
 R - 2 scrolls of fear {unknown}
 S - a scroll of vulnerability {unknown}
Potions
 v - a potion of might
 z - a potion of curing
 A - a potion of cancellation
 D - a potion of resistance
 F - 3 potions of degeneration
 G - 2 potions of haste
 I - 2 potions of berserk rage
 K - a potion of flight
 O - a potion of brilliance
Books
 b - a book of Conjurations

   Spells                             Type                      Level
   a - Magic Dart                     Conjuration                  1
   b - Searing Ray                    Conjuration                  2
   c - Dazzling Spray                 Conjuration/Hexes            3
   d - Fulminant Prism                Conjuration/Hexes            4
   e - Force Lance                    Conjuration/Translocation    4
   f - Iskenderun's Mystic Blast      Conjuration                  4
Comestibles
 c - 10 bread rations
 t - 2 meat rations
 H - 6 royal jellies


   Skills:
 + Level 10.3 Fighting
 * Level 14.3 Axes
 + Level 10.4 Armour
 + Level 9.9 Dodging
 - Level 1.5 Stealth
 - Level 1.3 Spellcasting
 - Level 2.9 Conjurations
 + Level 5.8 Invocations


You had 12 spell levels left.
You knew the following spells:

 Your Spells              Type           Power        Failure   Level  Hunger
a - Magic Dart            Conj           ##..         7%          1    ##.....


Dungeon Overview and Level Annotations

Branches:
Dungeon (13/15)            Temple (1/1) D:4            Lair (0/6) D:8
    Orc (0/2) D:9
 Vaults: D:13-14

Altars:
Ashenzari
Dithmenos
Fedhas
Nemelex Xobeh
Okawaru
Qazlal
Ru
Sif Muna

Shops:
D:6 *   D:10 %

Annotations:
D:7 2 transporters, tv1990's ghost, novice FoWz
D:10 geeseburger's ghost, novice MiFi
D:13 Snorg


Innate Abilities, Weirdness & Mutations

You reflexively headbutt those who attack you in melee.
You have a pair of horns on your head.
You have large cloven feet.
You have supernaturally acute eyesight. (SInv)
You evolve.
Potions are less effective at restoring your health.
You expend magic power (3 MP) to strengthen your wands.
Your movements are slightly less encumbered by armour. (ER -2)


Message History

Unknown command.
Unknown command.
Unknown command.
Your system partially rejects the healing.
You feel better. The meliai barely misses you. The meliai closely misses you.
The meliai hits you with a hand axe.
* * * LOW HITPOINT WARNING * * *
The meliai closely misses you. The meliai barely misses you.
The meliai stings you.
* * * LOW HITPOINT WARNING * * *
You are poisoned.
The meliai poisons you! The meliai completely misses you.
The meliai closely misses you.
Unknown command.
You hit the meliai but do no damage.
The meliai looks as sick as possible!
The meliai is almost dead.
You closely miss the meliai.
You feel sick. The meliai barely misses you. x2
The meliai mumbles some strange prayers to its god against you.
Something smites you!
You die...

#...............
#............... ##
#...............
#.###...............
....................
....................
..##.#####..........
##.###y§.........
#.#.#@[§.......
#(#y†.........
##(#..........
#.##.......... #.#
#.......... #.#
#(......... #.#
#.......... ...
........... ...
.......


You could see 2 meliai.

Vanquished Creatures
  Josephine (D:11)
  Erolcha (D:9)
  A death knight (D:12)
  A two-headed ogre (D:8)
  Pikel (D:4)
  3 ugly things
  A cyclops (D:13)
  Psyche (D:11)
  A meliai (D:12)
  A queen bee (D:8)
  3 trolls
  3 hornets
  A hippogriff (D:9)
  3 wraiths
  A water elemental (D:11)
  2 yaks
  3 hungry ghosts
  3 vampire mosquitoes (D:12)
  A water moccasin (D:12)
  Duvessa (D:4)
  2 black bears
  4 orc warriors
  An ice beast (D:5)
  A sky beast (D:10)
  A necrophage (D:9)
  4 phantoms
  4 ogres
  An eye of draining (D:13)
  5 centaurs
  2 crocodiles (D:8)
  8 bullfrogs
  3 big kobolds
  A wyvern zombie (D:8)
  A wyvern skeleton (D:12)
  4 scorpions
  21 killer bees
  8 howler monkeys
  2 electric eels (D:11)
  A bullfrog zombie (D:11)
  A centaur zombie (D:9)
  7 crimson imps
  A quasit (D:6)
  A bullfrog skeleton (D:5)
  3 hounds
  6 orc priests
  3 centaur skeletons
  7 jellies
  8 orc wizards
  Terence (D:2)
  5 iguanas
  Natasha (thrice) (D:4)
  8 worker ants
  A hound zombie (D:11)
  A worker ant zombie (D:6)
  8 adders
  2 shadow imps
  An ooze (D:3)
  An adder skeleton (D:6)
  4 dart slugs
  2 worms
  6 leopard geckos
  49 orcs
  A ball python (D:2)
  5 giant cockroaches
  8 goblins
  4 hobgoblins
  22 jackals
  4 quokkas
  5 bats
  5 frilled lizards
  20 kobolds
  A quokka skeleton (D:6)
  3 rats (D:3)
314 creatures vanquished.

Vanquished Creatures (collateral kills)
  A hydra (D:12)
  A cyclops (D:12)
  A gargoyle (D:10)
  3 yaks (D:10)
  A centaur zombie (D:10)
7 creatures vanquished.

Vanquished Creatures (others)
  A slave (D:4)
  Dowan (D:4)
  A worker ant (D:4)
  An adder (D:4)
  An ooze (D:4)
  A ball python (D:4)
6 creatures vanquished.

Grand Total: 327 creatures vanquished

Notes
Turn   | Place    | Note
-------+----------+-------------------------------------------
     0 | D:1      | 4thArraOfDagon the Minotaur Conjurer began the quest for the Orb.
     0 | D:1      | Reached XP level 1. HP: 14/14 MP: 1/1
    96 | D:1      | Reached skill level 1 in Axes
   135 | D:1      | Reached XP level 2. HP: 10/22 MP: 0/3
   176 | D:2      | Noticed Terence
   245 | D:1      | Reached skill level 2 in Axes
   284 | D:2      | Found a deep blue altar of Sif Muna.
   827 | D:3      | Reached XP level 3. HP: 27/27 MP: 4/4
   846 | D:4      | Noticed a scorpion
   857 | D:4      | Reached skill level 1 in Fighting
   857 | D:4      | Reached skill level 3 in Axes
   857 | D:4      | Reached skill level 1 in Armour
   857 | D:4      | Reached XP level 4. HP: 17/35 MP: 5/5
   963 | D:4      | Noticed Duvessa
   970 | D:5      | Entered Level 5 of the Dungeon
   989 | D:5      | Reached skill level 4 in Axes
   989 | D:5      | Reached XP level 5. HP: 34/41 MP: 6/6
  1065 | D:4      | Noticed Natasha
  1072 | D:4      | Killed Natasha
  1165 | D:7      | Noticed an ogre
  1181 | D:7      | Found a stormy altar of Qazlal.
  1182 | D:7      | Noticed an orc warrior
  1185 | D:7      | Became a worshipper of Qazlal Stormbringer
  1189 | D:7      | Noticed tv1990's ghost (novice FoWz)
  1190 | D:7      | Noticed a phantom
  1203 | D:7      | Found a transporter.
  1209 | D:7      | Noticed an ogre
  1346 | D:6      | Found a sparkling altar of Nemelex Xobeh.
  1469 | D:4      | Reached XP level 6. HP: 42/50 MP: 7/7
  1482 | D:4      | Noticed a slave
  1506 | D:4      | Reached skill level 5 in Axes
  1544 | D:3      | Found an iron altar of Okawaru.
  1662 | D:2      | Reached skill level 10 in Axes
  1662 | D:2      | Reached XP level 7. HP: 29/66 MP: 8/8
  1665 | D:2      | Killed Terence
  1665 | D:2      | Reached * piety under Qazlal
  1730 | D:4      | Found a staircase to the Ecumenical Temple.
  1740 | Temple   | Entered the Ecumenical Temple
  1874 | D:4      | Noticed Pikel
  1885 | D:4      | Killed Pikel
  1885 | D:4      | Reached skill level 1 in Invocations
  1885 | D:4      | Reached XP level 8. HP: 47/73 MP: 9/9
  1909 | D:4      | Noticed Natasha
  1915 | D:4      | Killed Natasha
  1960 | D:4      | Killed Duvessa
  1965 | D:4      | Killed Dowan
  2067 | D:4      | Noticed Natasha
  2075 | D:4      | Killed Natasha
  2205 | D:5      | Reached skill level 11 in Axes
  2249 | D:5      | Reached ** piety under Qazlal
  2495 | D:6      | Found Alocretac's General Store.
  2500 | D:6      | Bought a wand of paralysis (4/24) for 72 gold pieces
  2500 | D:6      | Bought a scroll of identify for 24 gold pieces
  2729 | D:7      | Reached XP level 9. HP: 80/80 MP: 10/10
  3014 | D:8      | Reached *** piety under Qazlal
  3213 | D:6      | BLOAX: nice minotaur "conjurer" you have here
  3227 | D:6      | BLOAX: : ^ )
  3299 | D:8      | Noticed a queen bee
  3310 | D:8      | Killed a queen bee
  3313 | D:8      | Reached skill level 12 in Axes
  3323 | D:8      | Reached XP level 10. HP: 54/89 MP: 5/11
  3327 | D:8      | Noticed an elephant
  3401 | D:7      | Found a shadowy altar of Dithmenos.
  3403 | D:7      | Found a blossoming altar of Fedhas.
  3404 | D:7      | Noticed a red ugly thing
  3406 | D:7      | Found a transporter.
  3479 | D:8      | 4thArraOfDagon: ty :)
  3479 | D:8      | BLOAX: it really wanted to cast spells
  3479 | D:8      | BLOAX: so it went stormgod
  3479 | D:8      | 4thArraOfDagon: qazlataurs are even more fun than chei-whatever-races
  3479 | D:8      | BLOAX: how cute
  3483 | D:8      | Found a staircase to the Lair.
  3569 | D:8      | BLOAX: i disagree
  3579 | D:8      | BLOAX: chei mummies are the best
  3582 | D:8      | BLOAX: :D
  3657 | D:8      | BLOAX: it's like playing a chei character except you don't get bothered to eat all the time
  3724 | D:9      | Noticed Erolcha
  3736 | D:9      | Killed Erolcha
  3897 | D:8      | Noticed a two-headed ogre
  3904 | D:8      | Reached **** piety under Qazlal
  3920 | D:8      | Killed a two-headed ogre
  3970 | D:8      | BLOAX: did they buff good old qazzy
  4260 | D:9      | Found a staircase to the Orcish Mines.
  4276 | D:9      | BLOAX: just don't call him qazzymodo, he doesn't like that
  4416 | D:10     | Entered Level 10 of the Dungeon
  4594 | D:10     | Noticed geeseburger's ghost (novice MiFi)
  4638 | D:9      | Reached XP level 11. HP: 35/97 MP: 13/13
  4881 | D:10     | Found Vaoritti's Food Emporium.
  4953 | D:10     | Reached skill level 13 in Axes
  5055 | D:11     | 4thArraOfDagon: lags ar so fun
  5057 | D:11     | BLOAX: always
  5058 | D:11     | Noticed Josephine
  5058 | D:11     | BLOAX: especially when you suddenly take four steps with chei :---DDD
  5058 | D:11     | 4thArraOfDagon: srsly
  5065 | D:11     | 4thArraOfDagon: why
  5071 | D:11     | BLOAX: ping times from crawl.xtahua.com seem fine
  5071 | D:11     | BLOAX: weird
  5071 | D:11     | 4thArraOfDagon: I cant see anything
  5072 | D:11     | 4thArraOfDagon: brb
  5072 | D:11     | BLOAX: rest in piss
  5073 | D:11     | Killed Josephine
  5224 | D:11     | Found a shadowy altar of Dithmenos.
  5661 | D:11     | Noticed Psyche
  5664 | D:11     | Killed Psyche
  5974 | D:11     | Noticed a brown ugly thing
  5986 | D:11     | Killed a brown ugly thing
  5986 | D:11     | Reached skill level 5 in Invocations
  5989 | D:11     | Gained mutation: You evolve. [mutagenic meat]
  5990 | D:11     | Gained mutation: You have large cloven feet. [mutagenic meat]
  5991 | D:11     | Gained mutation: Potions are less effective at restoring your health. [mutagenic meat]
  6174 | D:12     | Noticed a death knight
  6183 | D:12     | Reached skill level 10 in Armour
  6406 | D:12     | Noticed a six-headed hydra
  6439 | D:12     | BLOAX: i remember the good old times
  6439 | D:12     | Killed a six-headed hydra
  6439 | D:12     | Reached skill level 10 in Fighting
  6463 | D:12     | BLOAX: when qaz spawned clouds in corridors
  6475 | D:12     | Found a shattered altar of Ashenzari.
  6589 | D:12     | Killed a death knight
  6589 | D:12     | Reached skill level 14 in Axes
  6599 | D:12     | BLOAX: and gave a choice between rF+/rC+/(EV/AC)+5 at the altar at 6*
  6611 | D:12     | BLOAX: good old times : )
  6726 | D:13     | Noticed a two-headed ogre
  6728 | D:13     | Noticed a two-headed ogre
  6730 | D:13     | Noticed a centaur warrior
  6793 | D:13     | Noticed Snorg
  6938 | D:13     | Noticed a purple ugly thing
  6951 | D:13     | Noticed a red ugly thing
  6957 | D:12     | Killed a red ugly thing
  6975 | D:12     | Killed a red ugly thing
  6975 | D:12     | Reached XP level 12. HP: 30/106 MP: 15/15
  6978 | D:12     | Gained mutation: You have supernaturally acute eyesight. (SInv) [mutagenic meat]
  6979 | D:12     | Gained mutation: You expend magic power (3 MP) to strengthen your wands. [mutagenic meat]
  6980 | D:12     | Gained mutation: Your movements are slightly less encumbered by armour. (ER -2) [mutagenic meat]
  7211 | D:13     | Killed from afar by a meliai

Skill      XL: |  1  2  3  4  5  6  7  8  9 10 11 |
---------------+----------------------------------+-----
Axes           | 1 2 3 4 10 11 12 14 | 14.3
Fighting       | 1 2 7 8 9 10 | 10.3
Armour         | 1 2 3 7 8 9 10 | 10.4
Dodging        | 3 7 8 9 |  9.9
Invocations    | 1 3 4 5 |  5.8
Stealth        | |  1.5
Spellcasting   | |  1.3
Conjurations   | |  2.9

Action                   |  1- 3 |  4- 6 |  7- 9 | 10-12 || total
-------------------------+-------+-------+-------+-------++-------
Melee: Hand axe          |    55 |   133 |   289 |   568 ||  1045
       Headbutt          |     3 |    12 |    42 |    83 ||   140
 Cast: Magic Dart        |     4 |       |       |       ||     4
Invok: Upheaval          |       |       |     2 |     8 ||    10
       Elemental Force   |       |       |       |     4 ||     4
Evoke: Wand              |       |       |     3 |     6 ||     9
  Use: Potion            |     2 |     7 |       |     3 ||    12
       Scroll            |       |    10 |     2 |    11 ||    23
 Stab: Paralysed         |       |       |     3 |     5 ||     8
  Eat: Chunk             |       |     3 |     2 |    20 ||    25
       Meat ration       |       |       |     1 |       ||     1
       Royal jelly       |       |       |     1 |     1 ||     2
Armor: Robe              |     2 |       |       |       ||     2
       Ring mail         |    31 |     2 |    11 |    24 ||    68
       Chain mail        |       |    99 |   109 |       ||   208
       Plate armour      |       |       |       |    88 ||    88
       Troll leather arm |       |       |       |    41 ||    41
Dodge: Dodged            |    33 |    58 |   100 |   282 ||   473
       Deflected         |       |       |       |    10 ||    10
Block: Other             |       |       |    22 |    90 ||   112
